 Dungeon Crawl Stone Soup version 0.20.1-1-g8b1a95d (webtiles) character file.

161 Ansu the Skirmisher (level 5, 0/42 HPs)
             Began as a Demonspawn Abyssal Knight on Sept 6, 2017.
             Was a Believer of Lugonu.
             Succumbed to an adder's poison
             ... on level 4 of the Dungeon.
             The game lasted 00:26:07 (3508 turns).

Ansu the Skirmisher (Demonspawn Abyssal Knight)     Turns: 3508, Time: 00:26:07

Health: 0/42       AC:  6    Str: 14    XL:     5   Next: 19%
Magic:  7/7        EV: 14    Int: 13    God:    Lugonu [**....]
Gold:   118        SH:  0    Dex: 12    Spells: 2/4 levels left

rFire    + . .     SeeInvis .   g - +3 dagger
rCold    . . .     Gourm    .   (no shield)
rNeg     . . .     Faith    .   b - +1 leather armour
rPois    .         Spirit   .   k - +0 helmet
rElec    .         Reflect  .   (no cloak)
rCorr    .         Harm     .   (no gloves)
MR       .....                  m - +0 pair of boots
Stlth    +.........             (no amulet)
Regen    0.2/turn               (no ring)
MPRegen  0.1/turn               (no ring)

@: lethally poisoned (0 -> -3)
A: hooves 1, repulsion field 1, fire resistance 1
a: Depart the Abyss, Bend Space, Renounce Religion


You were on level 4 of the Dungeon.
You worshipped Lugonu.
Lugonu was pleased with you.
You were near starving.

You visited 1 branch of the dungeon, and saw 4 of its levels.
You visited the Abyss 1 time.

You collected 118 gold pieces.

Inventory:

Hand Weapons
 a - a +1 falchion
 e - a +0 flail
 g - a +3 dagger (weapon)
 r - a +0 short sword
Missiles
 s - 30 poisoned needles
 t - 16 arrows (quivered)
Armour
 b - a +1 leather armour (worn)
 i - a +0 helmet
 k - a +0 helmet (worn)
 m - a +0 pair of boots (worn)
 u - a +0 pair of boots
Scrolls
 d - 4 scrolls of remove curse
 n - 2 scrolls of teleportation {unknown}
 o - a scroll of random uselessness {unknown}
 w - a scroll of identify
Potions
 f - a potion of mutation {unknown}
 h - a potion of invisibility {unknown}
 j - a potion of curing
Books
 q - a book of Minor Magic

   Spells                             Type                      Level
   a - Magic Dart                     Conjuration                  1
   b - Blink                          Translocation                2
   c - Call Imp                       Summoning                    2
   d - Slow                           Hexes                        2
   e - Conjure Flame                  Conjuration/Fire             3
   f - Mephitic Cloud                 Conjuration/Poison/Air       3
Comestibles
 c - 2 bread rations
 l - 6 fruits
 p - a meat ration
 v - a chunk of flesh
 x - a royal jelly


   Skills:
 + Level 4.2 Fighting
 + Level 1.9(2.3) Short Blades
 + Level 2.0(2.4) Long Blades
 + Level 0.1 Maces & Flails
 + Level 2.4 Armour
 + Level 1.7 Dodging
 + Level 0.4 Stealth
 + Level 2.7 Invocations


You had 2 spell levels left.
You knew the following spells:

 Your Spells              Type           Power        Failure   Level  Hunger
a - Call Imp              Summ           #.......     50%         2    ###....


Dungeon Overview and Level Annotations

Branches:
Dungeon (4/15)
 Temple: D:4-7

Altars:


Innate Abilities, Weirdness & Mutations

You have large cloven feet.
You are surrounded by a mild repulsion field. (EV +2)
Your flesh is heat resistant. (rF+)


Message History

* * * LOW HITPOINT WARNING * * *
You feel sick. The scorpion closely misses you.
You hear the slow rusting of a very distant drain.
You feel sick. The adder completely misses you.
You feel sick.
You feel sick. The adder bites you but does no damage.
The adder bites you but does no damage.
You feel sick. The scorpion closely misses you. The adder bites you.
* * * LOW HITPOINT WARNING * * *
You are lethally poisoned!
The adder poisons you!
* * * LOW HITPOINT WARNING * * *
You feel sick. The adder closely misses you.
* * * LOW HITPOINT WARNING * * *
You feel sick. The adder barely misses you.
You die...

. #........... . ...##...........
. ..#.....................a ....
...............##.....# ....
#......##.....##.....# ..##
#......##.....##.....#
...######......##.....##.....#
........#......##.....##.....#
........#......#@......#.....#...
........##.............#.....#...
................Ss.....#.....#...
'####..................#.........
.# #..................#.........
.####..........#.......#.........
.#.............#.......#.........
.#.............#..............%..
.#.(.........###..............†..


You could see a scorpion and an adder.

Vanquished Creatures
  Robin (D:2)
  7 adders
  A worm (D:3)
  2 dart slugs
  3 orcs (D:3)
  7 bats
  2 giant cockroaches
  15 goblins
  9 hobgoblins
  5 jackals
  2 quokkas (D:2)
  3 frilled lizards
  8 kobolds
  13 rats
78 creatures vanquished.

Notes
Turn   | Place    | Note
-------+----------+-------------------------------------------
     0 | Abyss:1  | Ansu the Demonspawn Abyssal Knight began the quest for the Orb.
     0 | Abyss:1  | Reached XP level 1. HP: 18/18 MP: 2/2
    82 | Abyss:2  | Noticed a wretched star
    85 | D:1      | Escaped the Abyss
   318 | D:1      | Gained mutation: You are surrounded by a mild repulsion field. (EV +2) [demonic ancestry]
   318 | D:1      | Reached XP level 2. HP: 10/24 MP: 3/3
   461 | D:1      | Reached * piety under Lugonu
   651 | D:1      | Reached skill level 1 in Dodging
   978 | D:2      | Reached XP level 3. HP: 30/30 MP: 4/4
  1651 | D:2      | Reached skill level 1 in Short Blades
  1655 | D:2      | Noticed Robin
  1675 | D:2      | Killed Robin
  1794 | D:2      | Gained mutation: You have large cloven feet. [demonic ancestry]
  1794 | D:2      | Reached XP level 4. HP: 32/37 MP: 6/6
  2379 | D:3      | Reached skill level 4 in Fighting
  2457 | D:3      | Reached ** piety under Lugonu
  2720 | D:3      | Learned a level 2 spell: Call Imp
  2931 | D:3      | Gained mutation: Your flesh is heat resistant. (rF+) [demonic ancestry]
  2931 | D:3      | Reached XP level 5. HP: 35/42 MP: 7/7
  3501 | D:4      | HP: 2/42 [adder (1)]
  3508 | D:4      | Succumbed to an adder's poison

Skill      XL: |  1  2  3  4 |
---------------+-------------+-----
Long Blades    | 2 |  2.0
Dodging        | 1 |  1.7
Short Blades   | 1 |  1.9
Armour         | 2 |  2.4
Fighting       | 4 |  4.2
Maces & Flails | |  0.1
Stealth        | |  0.4
Invocations    | |  2.7

Action                   |  1- 3 |  4- 6 || total
-------------------------+-------+-------++-------
Melee: Dagger            |   137 |   171 ||   308
       Falchion          |     8 |       ||     8
       Flail             |       |    11 ||    11
 Cast: Call Imp          |       |     1 ||     1
Invok: Depart the Abyss  |     1 |       ||     1
       Bend Space        |       |     5 ||     5
  Use: Scroll            |     6 |       ||     6
       Potion            |       |     2 ||     2
  Eat: Chunk             |     3 |     3 ||     6
       Fruit             |       |     1 ||     1
Armor: Leather armour    |    41 |    74 ||   115
Dodge: Dodged            |    78 |   219 ||   297
       Rpst.: Falchion   |     1 |       ||     1
